 Dungeon Crawl Stone Soup version 0.30-a0-172-gc5509c9e31 (webtiles) character file.

Game seed: 993423724501386134

53 blackman the Cudgeller (level 3, -1/31 HPs)
             Began as a Demigod Wanderer on Oct 2, 2022.
             Slain by an orc
             ... wielding a +0 flail
              (5 damage)
             ... on level 3 of the Dungeon.
             The game lasted 00:03:41 (1920 turns).

blackman the Cudgeller (Demigod Wanderer)           Turns: 1920, Time: 00:03:42

Health: -1/31      AC: 13    Str: 27    XL:     3   Next: 42%
Magic:  6/6        EV:  7    Int: 14    God:
Gold:   67         SH:  0    Dex:  9    Spells: 3/4 levels left

rFire   + . .      SeeInvis .    a - +1 mace
rCold   . . .      Faith    .    (no shield)
rNeg    . . .      Spirit   .    z - +0 plate armour
rPois   .          Reflect  .    q - +0 helmet
rElec   .          Harm     .    s - +0 cloak
rCorr   .          Rampage  .    p - +0 pair of gloves
Will    .....                    (no boots)
Stlth   ..........               (no amulet)
HPRegen 0.25/turn                e - +6 ring of strength
MPRegen 0.10/turn                u - ring of protection from fire

@: no status effects
A: high MP 1, forlorn, divine attributes
a: no special abilities


You were on level 3 of the Dungeon.
You visited 1 branch of the dungeon, and saw 3 of its levels.

You collected 67 gold pieces.

Inventory:

Hand Weapons
 a - a +1 mace (weapon)
Armour
 c - a +0 leather armour
 p - a +0 pair of gloves (worn)
 q - a +0 helmet (worn)
 s - a +0 cloak (worn)
 z - a +0 plate armour (worn)
Jewellery
 e - a +6 ring of strength (left hand)
 u - a ring of protection from fire (right hand)
 x - a +6 ring of intelligence
Scrolls
 f - 6 scrolls of identify {unknown}
 i - a scroll of fog {unknown}
 j - a scroll of poison {unknown}
 m - 2 scrolls of teleportation {unknown}
 o - a scroll of amnesia {unknown}
 t - a scroll of brand weapon {unknown}
 w - a scroll of fear {unknown}
 y - a scroll of immolation {unknown}
Potions
 b - a potion of lignification
 d - a potion of ambrosia {unknown}
 g - a potion of attraction {unknown}
 h - a potion of haste {unknown}
 k - a potion of heal wounds {unknown}
 l - a potion of curing
 n - a potion of berserk rage {unknown}
 r - a potion of brilliance {unknown}
 v - a potion of magic {unknown}


   Skills:
 - Level 3.6 Fighting
 + Level 3.7 Maces & Flails
 - Level 1.0 Dodging
 - Level 1.0 Spellcasting
 - Level 1.7 Earth Magic


You had 3 spell levels left.
You knew the following spells:

 Your Spells              Type           Power      Damage    Failure   Level
a - Sandblast             Erth           10%        2d5       91%         1

Your spell library contained the following spells:

 Spells                   Type           Power      Damage    Failure   Level
 Passwall                 Tmut/Erth      2%         N/A       99%         2
 Sublimation of Blood     Necr           0%         N/A       100%        2
 Wereblood                Tmut           0%         N/A       100%        2
 Gell's Gravitas          Tloc           0%         N/A       100%        3
 Lesser Beckoning         Tloc           0%         N/A       100%        3
 Teleport Other           Tloc           0%         N/A       100%        3
 Animate Armour           Summ/Erth      6%         N/A       100%        4
 Dispersal                Tloc           0%         N/A       100%        6
 Summon Hydra             Summ           0%         N/A       100%        7


Dungeon Overview and Level Annotations

Branches:
Dungeon (3/15)


Innate Abilities, Weirdness & Mutations

You have an increased reservoir of magic. (+10% MP)
You shall have no god before yourself.
Your divine heritage dramatically boosts your attributes as you level up.


Message History

You closely miss the orc.
The orc is almost dead.
The orc hits you with a +0 flail. The orc hits you but does no damage.
You are too injured to fight recklessly!
You are too injured to fight recklessly!
You are too injured to fight recklessly!
You are too injured to fight recklessly!
You are too injured to fight recklessly!
You are too injured to fight recklessly!
You are too injured to fight recklessly!
You are too injured to fight recklessly!
There are monsters nearby!
Unknown command.
The orc attacks as you move away! The orc hits you but does no damage. x2
The orc attacks as you move away! The orc closely misses you.
Found a stone staircase leading down.
The orc attacks as you move away! The orc hits you with a +0 flail.
* * * LOW HITPOINT WARNING * * *
You hit the orc.
The orc is almost dead.
The orc hits you but does no damage.
You sock the orc!
You kill the orc!
You hit the orc.
The orc is heavily wounded.
The orc hits you but does no damage. The orc hits you with a +0 falchion.
* * * LOW HITPOINT WARNING * * *
You thump the orc!
You kill the orc!
You hit the orc.
You kill the orc!
The orc hits you but does no damage.
Items here: ))) †.
You hit the orc but do no damage. The orc hits you with a +0 flail!
* * * LOW HITPOINT WARNING * * *
You hit the orc but do no damage. The orc barely misses you.
It was a potion of curing.
You feel better. The orc hits you with a +0 flail.
* * * LOW HITPOINT WARNING * * *
You hit the orc but do no damage. The orc hits you with a +0 flail.
You die...

#.# #># ... #..... #..#.#
..# ####..#.# .#.
..#..#.# .? #.#..#.# ..
#.#..#@# .#
#########....#o# .#
###.........†.).l##.#.###
....#######.......)o.l..#
##### ##..####........
#.... ..#......
#.#####...##... ... ...##
.# #... .... #


You could see an orc and a frilled lizard.

Vanquished Creatures
  An adder (D:2)
  A worm (D:2)
  A dart slug (D:1)
  4 orcs (D:3)
  A ball python (D:1)
  2 endoplasms
  2 giant cockroaches
  3 goblins
  3 hobgoblins
  4 kobolds
  A quokka (D:1)
  2 bats (D:1)
  5 frilled lizards
  5 rats
35 creatures vanquished.

Vanquished Creatures (others)
  9 plants (D:2)
9 creatures vanquished.

Grand Total: 44 creatures vanquished

Notes
Turn   | Place    | Note
-------+----------+-------------------------------------------
     0 | D:1      | blackman the Demigod Wanderer began the quest for the Orb.
     0 | D:1      | blackman set off with the following items: a +1 mace, a
                  | potion of lignification, a +0 leather armour; and the
                  | following spell memorised: Sandblast; and the following
                  | spells available to memorise: Passwall, Animate Armour.
     0 | D:1      | Reached XP level 1. HP: 19/19 MP: 4/4
   406 | D:1      | Reached XP level 2. HP: 20/26 MP: 5/5
  1521 | D:2      | Reached XP level 3. HP: 25/31 MP: 6/6
  1920 | D:3      | Slain by an orc

Illustrated notes

Levels and vault maps discovered:
D:1:      dpeg_arrival_lava_temple_mockup, layout_basic,
          ebering_ecumenical_altar_ruins
D:2:      layout_basic, minmay_misc_feat_alley, serial_bayou_lake_a
D:3:      layout_loops_ring, nicolae_gozag_cash_rules_everything_around_me

Skill      XL: |  1  2 |
---------------+-------+-----
Maces & Flails | 2 3 |  3.7
Fighting       | |  3.6
Dodging        | |  1.0
Spellcasting   | |  1.0
Earth Magic    | |  1.7

Action                   || total
-------------------------++-------
Melee: Mace              ||    88
       Punch             ||     2
  Use: Potion            ||     1
Armor: Leather armour    ||    29
       Plate armour      ||     9
Dodge: Dodged            ||    44

Table legend: (Time is in decaauts)
 A = Elapsed time spent in this place.
 B = Non-inter-level travel time spent in this place.
 C = Inter-level travel time spent in this place.
 D = Time resting spent in this place.
 E = Time spent auto-exploring this place.
 F = Levels seen in this place.
 G = Mean time per level.
                   A        B        C        D        E       F      G
               +--------+--------+--------+--------+--------+-----+--------+
         Total |   1970 |   1865 |    105 |      0 |   1550 |   3 |  656.7 |
       Dungeon |   1970 |   1865 |    105 |      0 |   1550 |   3 |  656.7 |
               +--------+--------+--------+--------+--------+-----+--------+

Top non-repeatable levels by time:
     D:1: 989 daAuts
     D:2: 877 daAuts
     D:3: 102 daAuts
